AoeStats
← EloJhowB

Arabia

509605520Analyzed
2v2 RM · 6d ago on Sep 27, 2026· 63m 56s· 4 players
Game mode
Random Map
Map size
Medium (4 player)
Population
200
Speed
Normal
Resources
Standard
Victory
Conquest
Starting age
Dark Age
Ending age
Imperial Age
RankedLock teamsTeams togetherTeam positionsShared explorationLock speedFull tech treeHidden civsTurbo modeCheats
Victory
Defeat
🇧🇷 Mongols · Brazil
924
+15
🇧🇷 Chinese · Brazil
923
+15
🇫🇷 Ethiopians · France
940
-16
🇬🇧 Magyars · United Kingdom
867
-14
cyriaque.dabo
10:28 Feudal Age
11:30 Double-Bit Axe
14:51 Loom
16:11 Gold Mining
19:22 Wheelbarrow
18:47 Fletching
24:38 Castle Age
23:42 Horse Collar
25:56 Crossbowman
26:48 Thumb Ring
27:24 Bow Saw
26:52 Light Cavalry
27:33 Husbandry
29:24 Ballistics
29:06 Bodkin Arrow
31:58 Town Watch
34:33 Forging
34:29 Scale Barding Armor
35:43 Hand Cart
41:03 Iron Casting
43:19 Imperial Age
41:14 Heavy Plow
42:15 Town Patrol
46:06 Arbalester
46:49 Bracer
47:50 Blast Furnace
47:11 Chain Barding Armor
50:35 Chemistry
48:57 Hussar
50:22 Onager
52:20 Padded Archer Armor
55:41 Hussar
xlxl
7:24 Loom
11:25 Feudal Age
21:27 Castle Age
19:38 Fletching
22:54 Bodkin Arrow
30:19 Scale Barding Armor
31:13 Bloodlines
32:57 Murder Holes
33:23 Ballistics
46:37 Imperial Age
47:17 Masonry
47:34 Bracer
48:40 Chemistry
48:10 Light Cavalry
55:07 Cavalier
57:14 Hussar
JBerck
0:35 Loom
10:36 Feudal Age
16:36 Gold Mining
16:32 Double-Bit Axe
16:31 Horse Collar
17:12 Town Watch
20:08 Wheelbarrow
20:58 Fletching
23:32 Padded Archer Armor
23:48 Bloodlines
28:12 Castle Age
26:40 Forging
28:40 Scale Barding Armor
28:18 Crossbowman
29:04 Thumb Ring
29:32 Hand Cart
30:26 Elite Skirmisher
31:36 Town Patrol
33:40 Pikeman
34:20 Squires
35:25 Ballistics
35:18 Masonry
35:24 Husbandry
38:01 Bow Saw
39:45 Leather Archer Armor
39:25 Bodkin Arrow
40:06 Iron Casting
39:53 Chain Barding Armor
39:34 Scale Mail Armor
46:41 Imperial Age
48:01 Architecture
49:00 Cavalier
49:42 Bracer
50:13 Ring Archer Armor
50:44 Blast Furnace
50:29 Conscription
58:43 Heavy Scorpion
59:54 Rocketry
60:08 Light Cavalry
EloJhowB
6:02 Loom
10:54 Feudal Age
14:49 Double-Bit Axe
21:43 Fletching
26:43 Castle Age
26:28 Padded Archer Armor
26:44 Gold Mining
26:54 Crossbowman
27:30 Bodkin Arrow
27:46 Husbandry
28:04 Light Cavalry
28:58 Forging
28:53 Scale Barding Armor
29:23 Bloodlines
30:45 Iron Casting
31:12 Chain Barding Armor
33:18 Leather Archer Armor
35:24 Bow Saw
35:47 Ballistics
35:39 Masonry
39:40 Stone Mining
42:52 Wheelbarrow
48:27 Imperial Age
45:44 Town Watch
46:33 Horse Collar
48:00 Thumb Ring
49:04 Hussar
50:55 Blast Furnace
49:58 Bracer
51:23 Chemistry
50:48 Arbalester
54:44 Capped Ram
61:30 Siege Ram
Connection lost

Rejoining the realm…

Still unreachable

The connection could not be restored.

Session expired

The server has moved on; the page needs a fresh start.